 Dungeon Crawl Stone Soup version 0.24.0-1-gfbc8707 (console) character file.

Game seed: 11680482014777848145, levelgen mode: deterministic

7993 shmup the Severer (level 11, 0/94 HPs)
             Began as a Hill Orc Gladiator on Nov 4, 2019.
             Was a Believer of Uskayaw.
             Slain by a vampire (3 damage)
             ... on level 10 of the Dungeon.
             The game lasted 00:30:44 (9645 turns).

shmup the Severer (Hill Orc Gladiator)              Turns: 9645, Time: 00:30:45

Health: 0/94       AC: 23    Str: 18    XL:     11   Next: 23%
Magic:  11/11      EV:  7    Int:  8    God:    Uskayaw [**....]
Gold:   297        SH:  0    Dex: 15    Spells: 10/10 levels left

rFire    . . .     SeeInvis .   a - +0 war axe
rCold    . . .     Gourm    .   (no shield)
rNeg     + . .     Faith    .   H - +2 plate armour {rN+}
rPois    .         Spirit   .   c - +0 helmet
rElec    .         Reflect  .   o - +0 cloak
rCorr    .         Harm     .   (no gloves)
MR       +....                  y - +2 pair of boots
Stlth    ..........             L - amulet of regeneration
HPRegen  0.65/turn              (no ring)
MPRegen  0.12/turn              P - ring of protection from magic

@: no status effects
A: no striking features
a: Stomp, Line Pass, Renounce Religion


You were on level 10 of the Dungeon.
You worshipped Uskayaw.
Uskayaw was noncommittal.
You were not hungry.

You visited 3 branches of the dungeon, and saw 12 of its levels.

You collected 457 gold pieces.
You spent 160 gold pieces at shops.

Inventory:

Hand Weapons
 a - a +0 war axe (weapon)
 b - a +0 hunting sling of flaming
Missiles
 d - 3 throwing nets
 e - 40 poisoned darts (quivered)
 t - 200 sling bullets
 x - 12 boomerangs
Armour
 c - a +0 helmet (worn)
 g - a +0 pair of boots
 o - a +0 cloak (worn)
 q - a +0 leather armour
 y - a +2 pair of boots (worn)
 H - a +2 plate armour of positive energy (worn)
 K - a +0 ring mail
Jewellery
 k - an uncursed amulet of guardian spirit
 L - an amulet of regeneration (around neck)
 P - a ring of protection from magic (right hand)
Wands
 G - a wand of flame (26)
 I - a wand of random effects (16)
Scrolls
 j - 3 scrolls of remove curse
 m - a scroll of amnesia
 r - a scroll of fear
 s - 3 scrolls of teleportation
 w - a scroll of immolation {unknown}
 B - a scroll of blinking {unknown}
 E - a scroll of fog
 Q - a scroll of noise {unknown}
Potions
 h - 2 potions of resistance
 i - 2 potions of haste
 n - 3 potions of curing
 p - a potion of mutation {unknown}
 u - 2 potions of heal wounds
 v - a potion of flight
 z - 2 potions of invisibility
 A - a potion of berserk rage
 C - a potion of brilliance {unknown}
 D - 2 potions of cancellation
 F - 2 potions of degeneration {unknown}
 J - a potion of lignification {unknown}
 M - a potion of experience {unknown}
Comestibles
 f - 16 rations
 N - 6 chunks of flesh


   Skills:
 + Level 7.8 Fighting
 * Level 15.0 Axes
 - Level 1.7 Throwing
 * Level 11.4 Armour
 - Level 2.4 Dodging
 + Level 1.3 Invocations


You had 10 spell levels left.
You didn't know any spells.
Your spell library contained the following spells:

 Spells                   Type           Power        Failure   Level  Hunger
 Corona                   Hex            #......      100%        1    ##.....
 Sting                    Conj/Pois      #...         100%        1    ##.....
 Ensorcelled Hibernation  Hex/Ice        #.....       100%        2    ###....
 Poisonous Vapours        Pois/Air       #.....       100%        2    ###....
 Confuse                  Hex            #.......     100%        3    ####...
 Dazzling Spray           Conj/Hex       #.....       100%        3    ####...
 Mephitic Cloud           Conj/Pois/Air  #.......     100%        3    ####...
 Tukima's Dance           Hex            #.......     100%        3    ####...
 Olgreb's Toxic Radiance  Pois           #.......     100%        4    #####..
 Venom Bolt               Conj/Pois      #.........   100%        5    ######.


Dungeon Overview and Level Annotations

Branches:
Dungeon (10/15)            Temple (1/1) D:7            Lair (0/6) D:8
    Orc (1/2) D:9

Altars:
Ashenzari
Cheibriados
Dithmenos
Elyvilon
Fedhas
Gozag
Hepliaklqana
Kikubaaqudgha
Makhleb
Nemelex Xobeh
Okawaru
Qazlal
Ru
Sif Muna
Trog
Uskayaw
Vehumet
Wu Jian
Xom
Yredelemnul
Zin
The Shining One
Lugonu

Shops:
D:4 !   D:7 (

Annotations:
D:4 exclusions: 2 downstairs and 1 more exclusion, Edmund
D:7 exclusion: 2 downstairs
D:8 exclusion: 2 oklob plants


Message History

You hit something but do no damage. You hit something but do no damage.
Something hits you.
* * * LOW HITPOINT WARNING * * *
Something bites you but does no damage.
You closely miss something. Something hits you.
* * * LOW HITPOINT WARNING * * *
Something bites you.
* * * LOW HITPOINT WARNING * * *
Something draws strength from your injuries!
Your plate armour prevents you from hitting something.
Something hits you but does no damage. Something bites you but does no damage.
You miss something. You slash something!
Unholy energy fills the air.
* * * LOW HITPOINT WARNING * * *
You slash something! Something hits you!
* * * LOW HITPOINT WARNING * * *
Something completely misses you.
You can now pass through a line of other dancers.
You closely miss something. Something hits you.
You die...

..............▒
...............
...............
...............
.............
.......
▒....).....
......▒
▒..........
......+
▒.{▒▒▒▒▒...
......▒ ▒.o▒
......▒ ▒..▒
......▒ ▒..▒
..(...▒▒▒▒▒▒▒▒▒..▒
.................▒
.▒▒▒▒▒...........▒
.▒...▒...........▒
.+...'...........▒
.▒...▒...........▒


There were no monsters in sight!

Vanquished Creatures
  A two-headed ogre (D:9)
  Joseph (D:10)
  A troll (D:9)
  2 hippogriffs
  Eustachio (D:4)
  A human (D:8)
  14 yaks
  3 hogs (D:8)
  A hungry ghost (D:7)
  A water moccasin (D:7)
  3 orc warriors
  5 ice beasts
  A sky beast (D:5)
  3 phantoms
  5 ogres
  A wolf (D:8)
  A centaur (D:5)
  3 bullfrogs
  A wyvern zombie (D:9)
  A scorpion (D:6)
  An electric eel (D:8)
  4 howler monkeys
  4 crimson imps
  2 jellies
  2 quasits (D:9)
  4 hounds
  A centaur skeleton (D:10)
  4 orc priests
  14 orc wizards
  4 worker ants
  An iguana (D:7)
  2 hound zombies
  Robin (D:3)
  A howler monkey skeleton (D:6)
  7 adders
  3 shadow imps
  A white imp (D:7)
  6 ufetubi
  An adder zombie (D:5)
  6 worms
  A dart slug (D:3)
  8 leopard geckos
  39 orcs
  3 ball pythons
  3 bats
  9 giant cockroaches
  13 goblins
  11 hobgoblins
  4 jackals
  3 quokkas
  A ball python skeleton (D:4)
  5 frilled lizards
  5 kobolds
  A quokka skeleton (D:7)
  11 rats
236 creatures vanquished.

Notes
Turn   | Place    | Note
-------+----------+-------------------------------------------
     0 | D:1      | shmup the Hill Orc Gladiator began the quest for the Orb.
     0 | D:1      | Reached XP level 1. HP: 18/18 MP: 1/1
   203 | D:1      | Reached XP level 2. HP: 25/25 MP: 2/2
   623 | D:2      | Reached skill level 5 in Axes
   766 | D:2      | Reached XP level 3. HP: 27/30 MP: 3/3
   858 | D:2      | Reached skill level 6 in Axes
  1070 | D:2      | Found an opulent altar of Gozag.
  1303 | D:2      | Reached XP level 4. HP: 35/37 MP: 4/4
  1509 | D:2      | Noticed a moth of wrath
  1511 | D:2      | Found a bloodstained altar of Trog.
  1697 | D:3      | Noticed Robin
  1775 | D:3      | Reached skill level 7 in Axes
  1800 | D:3      | Killed Robin
  2014 | D:3      | Noticed an ogre
  2080 | D:2      | Killed an ogre
  2080 | D:2      | Reached skill level 8 in Axes
  2080 | D:2      | Reached XP level 5. HP: 25/42 MP: 5/5
  2532 | D:3      | Reached XP level 6. HP: 34/50 MP: 6/6
  2889 | D:4      | Noticed Edmund
  2923 | D:4      | Reached skill level 9 in Axes
  2924 | D:4      | Noticed a phantom
  2980 | D:4      | Killed a phantom
  2980 | D:4      | Reached skill level 10 in Axes
  2980 | D:4      | Reached XP level 7. HP: 21/56 MP: 7/7
  3130 | D:4      | Reached skill level 1 in Armour
  3281 | D:4      | Noticed Eustachio
  3298 | D:4      | Killed Eustachio
  3637 | D:4      | Reached XP level 8. HP: 64/67 MP: 8/8
  3683 | D:4      | Found Soica's Distillery.
  3689 | D:4      | Bought a potion of invisibility for 80 gold pieces
  3689 | D:4      | Bought a potion of berserk rage for 50 gold pieces
  3689 | D:4      | Bought a potion of curing for 30 gold pieces
  3719 | D:5      | Entered Level 5 of the Dungeon
  3738 | D:5      | Reached skill level 5 in Fighting
  3810 | D:5      | Found a glowing silver altar of Zin.
  3963 | D:5      | HP: 2/68 [centaur/arrow (6)]
  4598 | D:5      | Reached skill level 5 in Armour
  5346 | D:6      | Found a shadowy altar of Dithmenos.
  5660 | D:6      | Found a shimmering altar of Xom.
  5782 | D:7      | Reached skill level 11 in Axes
  6008 | D:7      | Found a shimmering blue altar of Sif Muna.
  6077 | D:7      | Reached XP level 9. HP: 72/74 MP: 7/9
  6146 | D:7      | Found Toafirr's Antique Weapon Boutique.
  6221 | D:7      | Found a staircase to the Ecumenical Temple.
  6288 | Temple   | Entered the Ecumenical Temple
  6325 | Temple   | Became a worshipper of Uskayaw the Reveler
  6423 | D:7      | Reached * piety under Uskayaw
  6474 | D:7      | Reached ** piety under Uskayaw
  6646 | D:7      | Found a radiant altar of Vehumet.
  6790 | D:7      | Reached *** piety under Uskayaw
  6791 | D:7      | Reached skill level 12 in Axes
  7000 | D:8      | Found a staircase to the Lair.
  7405 | D:8      | Reached **** piety under Uskayaw
  7707 | D:8      | Reached skill level 13 in Axes
  7791 | D:8      | Reached XP level 10. HP: 73/81 MP: 8/10
  8139 | D:8      | Found a blossoming altar of Fedhas.
  8142 | D:8      | Noticed an oklob plant
  8142 | D:8      | Noticed an oklob plant
  8400 | D:9      | Found an iron altar of Okawaru.
  8425 | D:9      | Reached ***** piety under Uskayaw
  8426 | D:9      | Reached skill level 10 in Armour
  8460 | D:9      | Found a glowing golden altar of the Shining One.
  8460 | D:9      | Found a snail-covered altar of Cheibriados.
  8460 | D:9      | Found a hazy altar of Hepliaklqana.
  8639 | D:9      | Noticed a two-headed ogre
  8654 | D:9      | Reached skill level 14 in Axes
  8664 | D:9      | Killed a two-headed ogre
  8982 | D:9      | Found a basalt altar of Yredelemnul.
  8982 | D:9      | Found an ancient bone altar of Kikubaaqudgha.
  8982 | D:9      | Found a sacrificial altar of Ru.
  8992 | D:9      | Found a blossoming altar of Fedhas.
  9097 | D:9      | Reached XP level 11. HP: 87/92 MP: 11/11
  9125 | D:9      | Reached ****** piety under Uskayaw
  9216 | D:9      | Found a burning altar of Makhleb.
  9216 | D:9      | Noticed a green death
  9387 | D:9      | Found a staircase to the Orcish Mines.
  9392 | Orc:1    | Entered Level 1 of the Orcish Mines
  9498 | D:10     | Entered Level 10 of the Dungeon
  9506 | D:10     | Noticed Joseph
  9535 | D:10     | Killed Joseph
  9535 | D:10     | Reached skill level 15 in Axes
  9535 | D:10     | Reached skill level 1 in Invocations
  9644 | D:10     | HP: 3/94 [something (9)]
  9645 | D:10     | Slain by a vampire

Levels and vault maps discovered:
D:1:      dpeg_arrival_shelter, layout_loops_ring
D:2:      layout_loops_ring, grunt_gozag_statues, tgw_trog
D:3:      layout_rooms, chequers_decorated_corner, grunt_ministairs_15,
          hangedman_abyss_or_decor_lesser_grid, uniq_robin
D:4:      layout_gridville, serial_shops, nicolae_shop_behind_doors,
          uniq_eustachio, uniq_edmund
D:5:      layout_cave_pods, zin_academy, first_ration
D:6:      layout_loops_corners, xom_teletrap_fun,
          nicolae_dithmenos_shadow_blocks
D:7:      layout_gridville, fiery_altar_vehumet, lemuel_round_altar,
          temple_hall, serial_shops, kennysheep_mini
D:8:      layout_rooms, lair_entry_dummy, serial_ice, serial_ice_g,
          serial_ice_b, serial_ice_j, serial_ice_a, hangedman_tree_tricks,
          grunt_livestock, st_stairs_4, hangedman_glass_teeth
D:9:      layout_loops_ring, grunt_temple_overflow_open,
          makhleb_altar_promises_db, minitemple, hiddenorc1_lemuel
D:10:     layout_irregular_city, uniq_joseph, uniq_psyche
Temple:   corrupted_temple
Orc:1:    layout_caves, uniq_maurice

Skill      XL: |  1  2  3  4  5  6  7  8  9 10 11 |
---------------+----------------------------------+-----
Axes           | 5 6 8 10 11 13 14 15 | 15.0
Fighting       | 4 5 7 |  7.8
Armour         | 3 6 9 11 | 11.4
Invocations    | 1 |  1.3
Throwing       | |  1.7
Dodging        | |  2.4

Action                   |  1- 3 |  4- 6 |  7- 9 | 10-12 || total
-------------------------+-------+-------+-------+-------++-------
Melee: War axe           |   106 |   141 |   379 |   304 ||   930
 Fire: Hunting sling     |       |    16 |     8 |       ||    24
Throw: Dart              |     7 |     6 |    24 |       ||    37
Invok: Stomp             |       |       |       |     1 ||     1
  Use: Scroll            |       |       |     5 |     7 ||    12
 Stab: Sleeping          |     1 |       |       |       ||     1
       Paralysed         |       |       |     1 |    12 ||    13
  Eat: Chunk             |     1 |     6 |    20 |     6 ||    33
Armor: Leather armour    |    25 |    46 |   112 |       ||   183
       Plate armour      |       |       |    17 |   180 ||   197
       Skin              |       |       |     5 |       ||     5
Dodge: Dodged            |    67 |   125 |   226 |    67 ||   485
